 Dungeon Crawl Stone Soup version 0.17.1-1-g73c8601 (webtiles) character file.

12 Inchmeat the Magician (level 2, 0/22 HPs)
             Began as a Naga Wizard on Apr 18, 2016.
             Slain by a jackal (2 damage)
             ... on level 1 of the Dungeon.
             The game lasted 00:02:15 (459 turns).

Inchmeat the Magician (Naga Wizard)                  Turns: 459, Time: 00:02:15

Health: 0/22       AC:  1    Str:  9    XL:     2   Next: 33%
Magic:  3/6        EV:  9    Int: 18    God:
Gold:   8          SH:  0    Dex:  9    Spells: 1 memorised, 6 levels left

rFire  . . .     SeeInvis +     (no weapon)
rCold  . . .     Clarity  .     a - +0 robe
rNeg   . . .     SustAt   .     (no shield)
rPois  +         Gourm    .     b - +0 hat
rElec  .         Spirit   .     (no cloak)
rCorr  .         Warding  .     (no gloves)
rMut   +         Stasis   .     (no barding)
MR     .....                    h - amulet of resist mutation
Stlth  ++........               (no ring)
                                (no ring)

@: very slow, not resistant to hostile enchantments, unstealthy
A: see invisible, deformed body, poison resistance, slowness 2, slow metabolism
1, spit poison 2, AC +0
a: Spit Poison


You were on level 1 of the Dungeon.
You were not hungry.

You visited 1 branch of the dungeon, and saw 1 of its levels.

You collected 8 gold pieces.

Inventory:

Armour
 a - a +0 robe (worn)
 b - a +0 hat (worn)
Jewellery
 h - an amulet of resist mutation (around neck)
Scrolls
 e - 2 scrolls of identify {unknown}
Books
 c - a book of Minor Magic

   Spells                             Type                      Level
   a - Magic Dart                     Conjuration                  1
   b - Blink                          Translocation                2
   c - Call Imp                       Summoning                    2
   d - Repel Missiles                 Charms/Air                   2
   e - Slow                           Hexes                        2
   f - Conjure Flame                  Conjuration/Fire             3
   g - Mephitic Cloud                 Conjuration/Poison/Air       3
Comestibles
 d - a bread ration
 g - 2 chunks of flesh


   Skills:
 - Level 1.6 Dodging
 - Level 3.1 Stealth
 + Level 3.3 Spellcasting
 * Level 1.4 Conjurations
   Level 1.0 Summonings
   Level 1.0 Translocations


You had 6 spell levels left.
You knew the following spells:

 Your Spells              Type           Power        Failure   Level  Hunger
a - Magic Dart            Conj           #...         12%         1    None


Dungeon Overview and Level Annotations

Branches:
Dungeon (1/15)

Altars:


Innate Abilities, Weirdness & Mutations

You cannot wear boots.
Your serpentine skin is tough (AC +0).
You have supernaturally acute eyesight.
Armour fits poorly on your strangely shaped body.
Your system is resistant to poisons.
You cover ground very slowly.
You have a slow metabolism.
You can spit poison.


Message History

The magic dart hits the jackal.
The jackal is moderately wounded.
The jackal barely misses you.
Your magical contamination has completely faded away.
The jackal completely misses you. The jackal closely misses you.
The jackal bites you.
* * * LOW HITPOINT WARNING * * *
The jackal barely misses you. The jackal bites you.
* * * LOW HITPOINT WARNING * * *
The jackal bites you but does no damage.
The jackal bites you.
* * * LOW HITPOINT WARNING * * *
You aren't carrying any potions.
Unknown command.
Read which item? (? for menu, Esc to quit)
As you read the scroll labeled NITURY WAYGOS, it crumbles to dust.
The dust glows pulsating chartreuse!
It was a scroll of random uselessness.
The jackal bites you.
You die...

#.# #.#.#. ###.##.###### #.#
#.#.#.#######.#.##....... #.#
#.#.#...............####.
####.#
#.#.#..).....)..##.[#.##.
#.##.#
#.#.##.##.#.#.##.#..#..>.
#.##.#
#.#.##.##.#.........#.###
#.##.###.#.##.##.#.........#.#
##.............[........>####.#
...#......#.##.#@÷#...........#
....†.........hhh.#...........#
...##.#.....##.#h##...........#
......########...##......####.#
......########.#.###.#...# #.#
...............#.#####...#
#.###
#....#########.#.......#.#
#.... h....#
#...##.#.#####.#.#######.
.....####......#.# #.....#####.


You could see 4 jackals.

Vanquished Creatures
  A giant cockroach (D:1)
  2 goblins (D:1)
  A kobold (D:1)
  6 bats (D:1)
  A giant gecko (D:1)
  A rat (D:1)
12 creatures vanquished.

Notes
Turn   | Place    | Note
--------------------------------------------------------------
     0 | D:1      | Inchmeat the Naga Wizard began the quest for the Orb.
     0 | D:1      | Reached XP level 1. HP: 15/15 MP: 4/4
   237 | D:1      | Reached XP level 2. HP: 22/22 MP: 1/6
   459 | D:1      | Slain by a jackal

Action                   || total
-------------------------++-------
Melee: Unarmed           ||     6
 Cast: Magic Dart        ||    28
  Use: Scroll            ||     1
